 Dungeon Crawl Stone Soup version 0.29-a0-925-g0a7a3d12f8 (webtiles) character file.

Game seed: 534698132063465626

321 Elmgren the Trooper (level 6, -1/56 HPs)
             Began as a Hill Orc Fighter on July 29, 2022.
             Slain by a hobgoblin (3 damage)
             ... on level 4 of the Dungeon.
             The game lasted 00:05:46 (2632 turns).

Elmgren the Trooper (Hill Orc Fighter)              Turns: 2632, Time: 00:05:47

Health: -1/56      AC:  7    Str: 21    XL:     6   Next: 46%
Magic:  6/6        EV: 13    Int:  8    God:
Gold:   153        SH:  4    Dex: 10    Spells: 5/5 levels left

rFire   . . .      SeeInvis .   a - +0 flail
rCold   . . .      Faith    .   c - +0 buckler
rNeg    . . .      Spirit   .   b - +0 scale mail
rPois   .          Reflect  .   (no helmet)
rElec   .          Harm     .   (no cloak)
rCorr   .          Rampage  .   (no gloves)
Will    .....                   (no boots)
Stlth   ..........              (no amulet)
HPRegen 0.18/turn               g - +4 ring of evasion
MPRegen 0.10/turn               (no ring)

@: no status effects
A: no striking features
a: no special abilities


You were on level 4 of the Dungeon.
You visited 1 branch of the dungeon, and saw 3 of its levels.

You collected 153 gold pieces.

Inventory:

Hand Weapons
 a - a +0 flail (weapon)
Armour
 b - a +0 scale mail (worn)
 c - a +0 buckler (worn)
Jewellery
 g - a +4 ring of evasion (left hand)
 l - a +6 ring of intelligence
Scrolls
 e - a scroll of teleportation
 f - 3 scrolls of identify
 j - a scroll of fear {unknown}
 n - a scroll of poison {unknown}
 o - a scroll of summoning {unknown}
 p - a scroll of vulnerability {unknown}
Potions
 d - 3 potions of might
 i - a potion of berserk rage
 k - 2 potions of heal wounds {unknown}
 m - 2 potions of curing {unknown}
 r - 2 potions of degeneration {unknown}


   Skills:
 + Level 5.2 Fighting
 + Level 4.1 Maces & Flails
 + Level 4.7 Armour
 + Level 4.7 Shields


You had 5 spell levels left.
You didn't know any spells.
Your spell library was empty.

Dungeon Overview and Level Annotations

Branches:
Dungeon (2/15)

Altars:


Message History

The hobgoblin barely misses you.
You barely miss the kobold.
The kobold hits you with a +0 short sword.
* * * LOW HITPOINT WARNING * * *
The goblin hits you with a +0 club.
* * * LOW HITPOINT WARNING * * *
The hobgoblin misses you.
You barely miss the kobold. The kobold misses you.
The goblin barely misses you. You block the hobgoblin's attack.
You barely miss the kobold. The kobold hits you but does no damage.
The goblin completely misses you. The hobgoblin misses you.
You thump the kobold!
You kill the kobold!
The goblin barely misses you.
The hobgoblin hits you but does no damage.
The goblin barely misses you. The hobgoblin hits you.
* * * LOW HITPOINT WARNING * * *
You closely miss the goblin.
The goblin is moderately wounded.
You block the goblin's attack.
The hobgoblin hits you but does no damage.
You closely miss the goblin.
The goblin is moderately wounded.
The goblin hits you with a +0 club.
* * * LOW HITPOINT WARNING * * *
The hobgoblin hits you but does no damage.
You closely miss the goblin.
The goblin is moderately wounded.
The goblin closely misses you. The hobgoblin closely misses you.
You barely miss the goblin.
The goblin is moderately wounded.
The goblin completely misses you. You block the hobgoblin's attack.
The goblin closely misses you. The hobgoblin barely misses you.
You sock the goblin!
You kill the goblin!
The hobgoblin barely misses you.
You hit the hobgoblin.
The hobgoblin is severely wounded.
The hobgoblin hits you.
You die...

.......####
#.........#
..#.###.[...###
............... #.#.#
#.....# #.#.#
#.....#####
####.#.###(g(......#
.##.....^.K.####)).(.#
............# #@g...#
###.........####.....#
..............##.....#
#######.......##.....#
#######.......##.....#
#.............##.....#
#...)......#######.###
..[........## .#
....######..#


You could see a hobgoblin.

Vanquished Creatures
  Menkaure (D:4)
  A black bear (D:4)
  2 gnolls (D:4)
  2 adders
  A worm (D:4)
  A dart slug (D:2)
  5 orcs (D:4)
  3 ball pythons
  9 endoplasms
  8 goblins
  13 hobgoblins
  5 quokkas
  2 bats
  A frilled lizard (D:1)
  11 kobolds
  4 rats
69 creatures vanquished.

Notes
Turn   | Place    | Note
-------+----------+-------------------------------------------
     0 | D:1      | Elmgren the Hill Orc Fighter began the quest for the Orb.
     0 | D:1      | Reached XP level 1. HP: 19/19 MP: 1/1
   220 | D:1      | Reached XP level 2. HP: 27/27 MP: 2/2
   449 | D:1      | Reached skill level 4 in Fighting
   491 | D:1      | Reached XP level 3. HP: 33/33 MP: 3/3
  1620 | D:2      | You fall into a shaft and drop 2 floors!
  1707 | D:4      | Reached XP level 4. HP: 31/40 MP: 4/4
  2220 | D:4      | Noticed a black bear
  2231 | D:4      | Killed a black bear
  2232 | D:4      | Reached XP level 5. HP: 47/47 MP: 5/5
  2495 | D:4      | Noticed Menkaure
  2621 | D:4      | Killed Menkaure
  2622 | D:4      | Reached skill level 5 in Fighting
  2622 | D:4      | Reached XP level 6. HP: 9/56 MP: 6/6
  2623 | D:4      | HP: 2/56 [goblin/+0 club (2)]
  2628 | D:4      | HP: 1/56 [goblin/+0 club (1)]
  2632 | D:4      | Slain by a hobgoblin

Illustrated notes

Levels and vault maps discovered:
D:1:      scummos_arrival_simple_crosswalls, layout_loops_ring,
          minmay_tromino_v2
D:2:      layout_basic
D:4:      corexii_shantytown, layout_basic, uniq_menkaure, uniq_edmund

Skill      XL: |  1  2  3  4  5 |
---------------+----------------+-----
Fighting       | 4 5 |  5.2
Maces & Flails | 3 4 |  4.1
Shields        | 4 |  4.7
Armour         | 4 |  4.7

Action                   |  1- 3 |  4- 6 || total
-------------------------+-------+-------++-------
Melee: Flail             |   100 |    77 ||   177
Throw: Dart              |       |    10 ||    10
       Throwing net      |       |     2 ||     2
  Use: Scroll            |     3 |       ||     3
 Stab: Held in net/web   |       |     1 ||     1
Armor: Scale mail        |    38 |    27 ||    65
Dodge: Dodged            |    65 |    74 ||   139
Block: Buckler           |    21 |    26 ||    47

Table legend: (Time is in decaauts)
 A = Elapsed time spent in this place.
 B = Non-inter-level travel time spent in this place.
 C = Inter-level travel time spent in this place.
 D = Time resting spent in this place.
 E = Time spent auto-exploring this place.
 F = Levels seen in this place.
 G = Mean time per level.
                   A        B        C        D        E       F      G
               +--------+--------+--------+--------+--------+-----+--------+
         Total |   2682 |   2650 |     32 |    845 |   1233 |   3 |  894.0 |
       Dungeon |   2682 |   2650 |     32 |    845 |   1233 |   3 |  894.0 |
               +--------+--------+--------+--------+--------+-----+--------+

Top non-repeatable levels by time:
     D:1: 1200 daAuts
     D:4: 1039 daAuts
     D:2: 443 daAuts
